Unix NetHack Version 3.7.0-97 Work-in-progress - last build Feb 8 2024 15:05:57 (6d6cdf8371b60126770a3d7b88910941cb14a054,branch:master). Game began 2024-02-14 12:39:25, ended 2024-02-15 10:21:19. elenmirie, neutral female gnomish Archeologist -------- |..<...| |......| #@###########-......| a |......| --------------- # |....... |.............+### ------.- |.............|##### |.[...........-################## # --------------- #### ###########0 # --.------------- #### |..............| ##|..............| #|..............| #...............| ---------------- Elenmirie the Field Worker St:16 Dx:12 Co:11 In:17 Wi:15 Ch:7 Neutral Dlvl:4 $:0 HP:0(31) Pw:19(19) AC:8 Xp:4/158 T:2760 Burdened Latest messages: This door is locked. This door is locked. This door is locked. This door is locked. This door is locked. This door is locked. In what direction? h Thwack!! In what direction? h As you kick the door, it crashes open! A hobgoblin suddenly appears! You kill the gas spore! Boom! You are caught in the gas spore's explosion! You stop searching. You miss the hobgoblin. The hobgoblin hits! You kill the hobgoblin! There is a hobgoblin corpse here; eat it? [ynq] (n) y This hobgoblin corpse is fatty. You finish eating the hobgoblin corpse. You don't know any spells right now. You have a little trouble lifting h - a velvet spellbook. Your movements are slowed slightly because of your load. You miss the giant ant. The giant ant bites! The giant ant bites! The giant ant bites! The giant ant bites! The giant ant bites! The giant ant bites! The giant ant bites! The giant ant bites! You miss the giant ant. The giant ant bites! The giant ant bites! The giant ant bites! What do you want to read? [h or ?*] h You begin to memorize the runes. The giant ant bites! You stop studying. The giant ant just misses! The giant ant bites! The giant ant bites! You die... Do you want your possessions identified? [ynq] (y) y Do you want to see your attributes? [ynq] (y) y Do you want an account of creatures vanquished? [ynaq] (y) y Do you want to see your conduct and achievements? [ynq] (y) y Do you want to see the dungeon overview? [ynq] (y) y Inventory: Weapons x - an uncursed +0 elven dagger a - an uncursed +2 bullwhip L - an uncursed +0 silver saber (weapon in right hand) Armor c - an uncursed +0 fedora l - an uncursed +0 orcish helm (being worn) M - an uncursed +0 pair of gauntlets of dexterity H - an uncursed +0 elven cloak F - a cursed -1 mummy wrapping b - a blessed +0 leather jacket (being worn) Comestibles d - 5 uncursed food rations J - an uncursed fortune cookie Spellbooks h - an uncursed spellbook of confuse monster Rings k - a cursed -2 ring of gain constitution Tools w - an uncursed sack containing 10 items q - a cursed brass lantern z - an uncursed oil lamp u - an uncursed tin whistle f - an uncursed tinning kit (0:36) Gems/Stones N - an uncursed citrine stone g - an uncursed touchstone Contents of the sack: 2493 gold pieces an uncursed scroll of destroy armor a cursed scroll of destroy armor an uncursed scroll of enchant weapon a blessed scroll of taming an uncursed potion of gain ability 2 uncursed potions of gain energy an uncursed potion of sickness an uncursed potion of sleeping an uncursed +0 pick-axe Elenmirie the Archeologist's attributes: Background: You were a Field Worker, a level 4 female gnomish Archeologist. You were neutral, on a mission for Camaxtli who was opposed by Quetzalcoatl (lawful) and Huhetotl (chaotic). You were right-handed. You were in the Dungeons of Doom, on level 4. You entered the dungeon 2760 turns ago. You had 158 experience points, 2 more were needed to attain level 5. Basics: You had 0 out of 31 hit points. You had all 19 energy points (spell power). Your armor class was 8. Your wallet was empty, but you had 2493 zorkmids stashed away in your pack. Autopickup was on for '$' plus thrown. Final Characteristics: Your strength was 16 (limit:18/50). Your dexterity was 12 (limit:18). Your constitution was 11 (limit:18). Your intelligence was 17 (limit:19). Your wisdom was 15 (limit:18). Your charisma was 7 (limit:18). Final Status: You weren't hungry. You were burdened; movement was slightly slowed. You were wielding a saber. You were unskilled in saber. Final Attributes: You were piously aligned. You had automatic searching. You had infravision. You are dead. Miscellaneous: You never encountered a bones level. Total elapsed playing time was 59 minutes and 43 seconds. Major events: Turn 1: elenmirie the neutral female gnomish Archeologist entered the dungeon 576: entered the Gnomish Mines 964: attained the rank of Field Worker (level 3) 1472: reached Mine Town 2760: killed by a giant ant Vanquished creatures: a shrieker a kobold mummy a straw golem a little dog a homunculus a kobold leader an orc zombie 2 gas spores a hobbit 2 hobgoblins a giant rat a yellow mold a gnome 5 geckos 5 jackals a fox 5 goblins 4 sewer rats 5 grid bugs 3 lichens 2 kobold zombies 6 newts 51 creatures vanquished. No species were genocided or became extinct. Voluntary challenges: You read items or engraved 1 time. You never engraved Elbereth. You never genocided any monsters. You never polymorphed an object. You never changed form. You used no wishes. Achievements: You entered the Gnomish Mines. You attained the rank of Field Worker. You entered Minetown. You entered a shop. You entered a temple. The Dungeons of Doom: levels 1 to 4 Level 1: An altar, some fountains. Level 2: Stairs down to The Gnomish Mines. Level 3: A sink. Level 4: <- You were here. Final resting place for you, killed by a giant ant. The Gnomish Mines: levels 3 to 5 Level 3: Level 4: Level 5: A temple and an altar, some fountains. Game over: ---------- / \ / REST \ / IN \ / PEACE \ / \ | elenmirie | | 2493 Au | | killed by a | | giant ant | | | | | | 2024 | *| * * * | * _________)/\\_//(\/(/\)/\//\/|_)_______ Goodbye elenmirie the Archeologist... You died in The Dungeons of Doom on dungeon level 4 with 3076 points, and 2493 pieces of gold, after 2760 moves. You were level 4 with a maximum of 31 hit points when you died.